 Dungeon Crawl Stone Soup version 0.29-a0-841-g116ddc6ace (webtiles) character file.

Game seed: 18374547204707350348

10 zeratav the Stinger (level 2, -2/17 HPs)
             Began as an Octopode Venom Mage on July 14, 2022.
             Slain by a hobgoblin (4 damage)
             ... on level 1 of the Dungeon.
             The game lasted 00:00:22 (341 turns).

zeratav the Stinger (Octopode Venom Mage)            Turns: 341, Time: 00:00:22

Health: -2/17      AC:  1    Str:  7    XL:     2   Next: 20%
Magic:  5/5        EV: 13    Int: 17    God:
Gold:   14         SH:  0    Dex: 12    Spells: 4/5 levels left

rFire   . . .      SeeInvis .   c - +2 dagger (venom) {short}
rCold   . . .      Faith    .   (no shield)
rNeg    . . .      Spirit   .   (helmet restricted)
rPois   .          Reflect  .   (no amulet)
rElec   .          Harm     .   (no ring)
rCorr   .          Rampage  .   (no ring)
Will    .....                   (no ring)
Stlth   +++.......              (no ring)
HPRegen 0.05/turn               (no ring)
MPRegen 0.09/turn               (no ring)
                                (no ring)
                                (no ring)

@: no status effects
A: almost no armour, amphibious, 8 rings, camouflage 1, gelatinous body 1,
(nimble swimmer 1), tentacles
a: no special abilities


You were on level 1 of the Dungeon.
You visited 1 branch of the dungeon, and saw 1 of its levels.

You collected 14 gold pieces.


Innate Abilities, Weirdness & Mutations

You cannot wear most types of armour.
You are amphibious.
You can wear up to eight rings at the same time.
Your skin changes colour to match your surroundings (Stealth+).
Your rubbery body absorbs attacks. (AC +1, EV +1)
((You are camouflaged when in or above water. (Stealth+)))
You have tentacles for arms and can constrict up to eight enemies at once.


   Skills:
 - Level 2.0 Dodging
 + Level 3.4 Stealth
 - Level 2.0 Spellcasting
 - Level 1.0 Transmutations
 + Level 4.0 Poison Magic


You had 4 spell levels left.
You knew the following spells:

 Your Spells              Type           Power      Damage    Failure   Level
a - Sting                 Tmut/Pois      40%        1d5       7%          1

Your spell library contained the following spells:

 Spells                   Type           Power      Damage    Failure   Level
 Poisonous Vapours        Pois/Air       16%        N/A       13%         2
 Mephitic Cloud           Conj/Pois/Air  6%         N/A       32%         3
 Olgreb's Toxic Radiance  Pois           15%        N/A       36%         4

Inventory:

Hand Weapons
 c - a +2 dagger of venom (weapon) {short}
   (You found it on level 1 of the Dungeon)
Potions
 a - a potion of magic

Dungeon Overview and Level Annotations

Branches:
Dungeon (1/15) Zot: 5658

Altars:

###....)#....#
....J.†.....#
##..........#
#....#J..!.# #
####.#..^..# #.#
#.'.....+ #...
####.....##.
#...#..)g........
####
#....)#@##...####
#...
#...###.##..####
.... #..
#...#......# ..
## ##
#.########.# ..#
#..........# ..#
#..)#####.##..#
#...# #.....#
#...# #.##.##
#...# #.##.#


You could see an endoplasm and a hobgoblin.


Message History

The sting misses the kobold.
MP[-1]
You lost 1 mp, and now have 2/3 mp.
Casting: Sting (safe; 7% risk of failure)
Confirm with . or Enter, or press ? or * to list all spells.
Aiming: Sting (safe; 7% risk of failure)
Press: ? - help, Shift-Dir - straight line, f/p - kobold
Aim: a kobold, wielding a +0 short sword (64% to hit)
The sting hits the kobold but does no damage.
The kobold is poisoned.
The kobold closely misses you.
MP[-1]
You lost 1 mp, and now have 1/3 mp.
Casting: Sting (safe; 7% risk of failure)
Confirm with . or Enter, or press ? or * to list all spells.
Aiming: Sting (safe; 7% risk of failure)
Press: ? - help, Shift-Dir - straight line, f/p - kobold
Aim: a kobold, wielding a +0 short sword (heavily wounded, poisoned, 64% to hit)
The sting hits the kobold.
The kobold looks even sicker.
You kill the kobold!
Your Poison Magic skill increases to level 4!
You have reached level 2!
HP[+2] MP[-1]
You now have 17 max hp (+6).
You regained 2 hp, and now have 6/17 hp.
Key pressed, stopping explore.
You now have 14 gold pieces.
Things that are here:
a +0 short sword {short}; a kobold corpse You see here a +0 vampiric dagger {short}.
A goblin comes into view. It is wielding a +0 club.
There is a shaft here.
HP[+11] MP[+5]
Your hp is fully restored (17).
Your mp is fully restored (5).
A goblin is nearby!
A goblin is nearby!
A hobgoblin and a bat come into view.
An endoplasm comes into view.
The goblin shouts!
The bat misses you.
The hobgoblin shouts!
You hit the bat but do no damage.
The bat is poisoned.
You grab the bat. You constrict the bat. The bat barely misses you.
The bat struggles to escape constriction.
The bat escapes!
You closely miss the bat. You grab the bat. You constrict the bat.
You kill the bat!
The goblin misses you.
You hit the goblin but do no damage.
The goblin is poisoned.
You grab the goblin.
You constrict the goblin, but do no damage.
The goblin hits you with a +0 club.
HP[-1]
You take 1 damage, and now have 16/17 hp.
You barely miss the endoplasm. You constrict the goblin.
The hobgoblin closely misses you. The goblin barely misses you.
The endoplasm freezes you.
You are frozen.
HP[-3]
You take 3 damage, and now have 13/17 hp.
You hit the goblin.
You kill the goblin!
The hobgoblin completely misses you. The endoplasm freezes you.
You are frozen.
* * * LOW HITPOINT WARNING * * *
HP[-5]
You take 5 damage, and now have 8/17 hp.
MASSIVE DAMAGE!! (PAUSE)
You are too injured to fight recklessly!
You are too injured to fight recklessly!
You are too injured to fight recklessly!
You are too injured to fight recklessly!
You are too injured to fight recklessly!
You are too injured to fight recklessly!
You are too injured to fight recklessly!
An endoplasm comes into view.
The hobgoblin misses you. The hobgoblin attacks as you move away!
The hobgoblin hits you.
* * * LOW HITPOINT WARNING * * *
The endoplasm quivers.
HP[-3]
You take 3 damage, and now have 5/17 hp.
The endoplasm attacks as you move away! The endoplasm hits you.
* * * LOW HITPOINT WARNING * * *
HP[-2]
You take 2 damage, and now have 3/17 hp.
The endoplasm attacks as you move away! The endoplasm barely misses you.
The hobgoblin attacks as you move away! The hobgoblin barely misses you.
The hobgoblin attacks as you move away! The hobgoblin hits you.
* * * LOW HITPOINT WARNING * * *
A hobgoblin opens the door.
HP[-1]
You take 1 damage, and now have 2/17 hp.
You see here a +0 vampiric dagger {short}.
You barely miss the endoplasm. You squeeze the endoplasm.
The endoplasm barely misses you.
You hit the endoplasm.
You kill the endoplasm!
The hobgoblin hits you.
You die...

Skill      XL: |  1 |
---------------+----+-----
Stealth        | 3 |  3.4
Poison Magic   | 4 |  4.0
Dodging        | |  2.0
Spellcasting   | |  2.0
Transmutations | |  1.0

Action                   || total
-------------------------++-------
Melee: Dagger            ||    12
       Constrict         ||     5
       Falchion          ||     2
       Tentacles         ||     1
 Cast: Sting             ||     3
Armor: Skin              ||     1
Dodge: Dodged            ||    13

Levels and vault maps discovered:
D:1:      heliophobic_arrival_dark_side_of_the_moon, layout_basic,
          hangedman_glass_teeth

Notes
Turn   | Place    | Note
-------+----------+-------------------------------------------
     0 | D:1      | zeratav the Octopode Venom Mage began the quest for the
                  | Orb.
     0 | D:1      | Reached XP level 1. HP: 11/11 MP: 3/3
     0 | D:1      | magus.rc [v1.9.6]
    83 | D:1      | Reached skill level 3 in Stealth
   104 | D:1      | Reached skill level 4 in Poison Magic
   104 | D:1      | Reached XP level 2. HP: 6/17 MP: 0/5
   335 | D:1      | HP: 3/17 [endoplasm (2)]
   337 | D:1      | HP: 1/17 [hobgoblin (2)]
   341 | D:1      | Slain by a hobgoblin

Vanquished Creatures
  A dart slug (D:1)
  An endoplasm (D:1)
  2 goblins (D:1)
  A hobgoblin (D:1)
  A kobold (D:1)
  2 bats (D:1)
8 creatures vanquished.

Table legend:
 A = Non-vault XP
 B = Vault XP
 C = Vault XP percentage of total XP
 D = Non-vault monster count
 E = Vault monster count
 F = Vault count percentage of total count
                 A         B        C        D         E       F
            +---------+---------+-------+---------+---------+-------
      Total |      17 |       0 |   0.0 |       8 |       0 |   0.0
            +---------+---------+-------+---------+---------+-------
        D:1 |      17 |       0 |   0.0 |       8 |       0 |   0.0
            +---------+---------+-------+---------+---------+-------

Illustrated notes

Table legend:
 A = Kills in this place as a percentage of kills in entire the game.
 B = Kills by you in this place as a percentage of kills by you in the entire game.
 C = Kills by friends in this place as a percentage of kills by friends in the entire game.
 D = Other kills in this place as a percentage of other kills in the entire game.
 E = Experience gained in this place as a percentage of experience gained in the entire game.
 F = Experience gained in this place divided by the number of levels of this place that you have seen.
                   A       B       C       D       E      F
               +-------+-------+-------+-------+-------+----------------------
         Total | 100.0 | 100.0 |   N/A |   N/A | 100.0 |  17.0
       Dungeon | 100.0 | 100.0 |   N/A |   N/A | 100.0 |  17.0
               +-------+-------+-------+-------+-------+----------------------

Table legend: (Time is in decaauts)
 A = Elapsed time spent in this place.
 B = Non-inter-level travel time spent in this place.
 C = Inter-level travel time spent in this place.
 D = Time resting spent in this place.
 E = Time spent auto-exploring this place.
 F = Levels seen in this place.
 G = Mean time per level.
                   A        B        C        D        E       F      G
               +--------+--------+--------+--------+--------+-----+--------+
         Total |    340 |    340 |      0 |      0 |    296 |   1 |  340.0 |
       Dungeon |    340 |    340 |      0 |      0 |    296 |   1 |  340.0 |
               +--------+--------+--------+--------+--------+-----+--------+

Top non-repeatable levels by time:
     D:1: 340 daAuts
